 Dungeon Crawl Stone Soup version 0.23.0 (webtiles) character file.

Game seed: 369483142519792404

42 Monsterracer the Vexing (level 3, -4/29 HPs)
             Began as a Hill Orc Enchanter on Feb 16, 2019.
             Killed from afar by a white imp (8 damage)
             ... with a puff of frost
             ... summoned by Natasha
             ... on level 2 of the Dungeon.
             The game lasted 00:01:32 (1600 turns).

Monsterracer the Vexing (Hill Orc Enchanter)        Turns: 1600, Time: 00:01:33

Health: -4/29      AC:  2    Str: 11    XL:     3   Next: 56%
Magic:  5/5        EV: 12    Int: 15    God:
Gold:   103        SH:  0    Dex: 11    Spells: 4/5 levels left

rFire    . . .     SeeInvis .   c - +1 dagger
rCold    . . .     Gourm    .   (no shield)
rNeg     . . .     Faith    .   b - +0 robe
rPois    .         Spirit   .   (no helmet)
rElec    .         Reflect  .   (no cloak)
rCorr    .         Harm     .   (no gloves)
MR       .....                  (no boots)
Stlth    ++........             (no amulet)
HPRegen  0.09/turn              (no ring)
MPRegen  0.09/turn              (no ring)

@: no status effects
A: no striking features
a: no special abilities


You were on level 2 of the Dungeon.
You were not hungry.

You visited 1 branch of the dungeon, and saw 2 of its levels.

You collected 103 gold pieces.

Inventory:

Hand Weapons
 a - a +4 vampiric dagger
 c - a +1 dagger (weapon)
Armour
 b - a +0 robe (worn)
Scrolls
 d - a scroll of enchant armour {unknown}
 e - a scroll of random uselessness {unknown}
 f - 2 scrolls of teleportation {unknown}
Potions
 g - 2 potions of brilliance {unknown}
 h - a potion of berserk rage {unknown}


   Skills:
 + Level 1.9 Fighting
 * Level 2.8 Short Blades
 - Level 1.5 Dodging
 - Level 2.4 Stealth
 - Level 1.5 Spellcasting
 - Level 3.0 Hexes


You had 4 spell levels left.
You knew the following spells:

 Your Spells              Type           Power        Failure   Level  Hunger
j - Corona                Hex            ##.....      7%          1    ##.....

Your spell library contained the following spells:

 Spells                   Type           Power        Failure   Level  Hunger
 Ensorcelled Hibernation  Hex/Ice        #.....       19%         2    ###....
 Confuse                  Hex            ##......     21%         3    ####...
 Tukima's Dance           Hex            ##......     21%         3    ####...
 Dazzling Spray           Conj/Hex       #.....       36%         3    ####...


Dungeon Overview and Level Annotations

Branches:
Dungeon (2/15)

Altars:
Cheibriados
Qazlal

Annotations:
D:2 Natasha


Message History

The hobgoblin hits you.
You take 3 damage, and have 21/29 hp.
You closely miss the hobgoblin.
The hobgoblin is moderately wounded.
The rat closely misses you. The hobgoblin closely misses you.
You hit the hobgoblin but do no damage.
The hobgoblin is moderately wounded.
The rat bites you but does no damage. The hobgoblin hits you.
You take 4 damage, and have 17/29 hp.
You are too injured to fight recklessly!
You hit the hobgoblin.
The hobgoblin is heavily wounded.
The rat closely misses you.
You hit the hobgoblin but do no damage.
The hobgoblin is heavily wounded.
The hobgoblin barely misses you. The rat completely misses you.
You hit the hobgoblin.
The hobgoblin is severely wounded.
The hobgoblin closely misses you. The rat barely misses you.
You hit the hobgoblin but do no damage.
The hobgoblin is severely wounded.
The hobgoblin hits you.
You take 1 damage, and have 17/29 hp.
You barely miss the hobgoblin.
The hobgoblin is severely wounded.
The rat bites you. The hobgoblin hits you.
* * * LOW HITPOINT WARNING * * *
You take 3 damage, and have 14/29 hp.
You hit the hobgoblin.
The hobgoblin is almost dead.
The rat completely misses you. The hobgoblin closely misses you.
You hit the hobgoblin.
You kill the hobgoblin!
The rat bites you.
* * * LOW HITPOINT WARNING * * *
You take 2 damage, and have 12/29 hp.
The rat closely misses you.
You see here a hobgoblin corpse.
Unknown command.
You hit the rat.
You kill the rat!
You see here a rat corpse.
A quokka comes into view.
A quokka and Natasha come into view.
Natasha hisses angrily.
Natasha wildly gestures.
You feel disoriented.
Natasha mumbles some strange words.
The quokka closely misses you.
Natasha hisses.
Natasha casts a spell.
You hit the quokka but do no damage. The quokka bites you.
You take 1 damage, and have 15/29 hp.
You hit the quokka.
The quokka is lightly wounded.
The quokka bites you.
* * * LOW HITPOINT WARNING * * *
You take 2 damage, and have 13/29 hp.
You hit the quokka but do no damage.
The quokka is lightly wounded.
The quokka closely misses you. The quokka misses you.
Unknown command.
You hit the quokka.
The quokka is heavily wounded.
The quokka closely misses you.
You hit the quokka but do no damage.
The quokka is heavily wounded.
Natasha casts a spell.
The quokka bites you.
* * * LOW HITPOINT WARNING * * *
You hit the quokka.
You kill the quokka!
You take 2 damage, and have 11/29 hp.
You hit the white imp.
The white imp is lightly wounded.
Unknown command.
You hit the white imp.
The white imp is heavily wounded.
The white imp hits you but does no damage.
You completely miss the white imp.
The white imp is heavily wounded.
The white imp barely misses you.
You closely miss the white imp.
The white imp is heavily wounded.
Natasha growls.
The white imp hits you.
* * * LOW HITPOINT WARNING * * *
The white imp freezes you.
* * * LOW HITPOINT WARNING * * *
You hit the white imp but do no damage.
The white imp is heavily wounded.
The white imp gestures at you. The puff of frost misses you.
You take 7 damage, and have 4/29 hp.
MASSIVE DAMAGE!!
You hit the white imp.
The white imp is almost dead.
The white imp picks up a beetle and eats it.
The white imp gestures at you. The puff of frost hits you!
You die...

.................# ###.#.###
.................###.......#
.<.......r..hr...##....#.#.#
....#########+##.#.......#.#
###.## #5#####...#.# .....#
+. #5#.........# ###..# ##..
#h#.####.#### .....# ......
#5#.#.†..#
##...####......#@#.#.†###
##.............#.#....#
....#####.........##..###
###...........##.........
##...............########.#
##.########....#.........
##.# #......########
##.###### #...##.#######
........####...........#


You could see an iron imp, Natasha and 2 white imps.

Vanquished Creatures
  An adder (D:2)
  2 dart slugs
  2 bats
  A giant cockroach (D:1)
  4 hobgoblins
  8 kobolds
  A quokka (D:2)
  A frilled lizard (D:2)
  3 goblins
  6 rats
29 creatures vanquished.

Notes
Turn   | Place    | Note
-------+----------+-------------------------------------------
     0 | D:1      | Monsterracer the Hill Orc Enchanter began the quest for the
                  | Orb.
     0 | D:1      | Reached XP level 1. HP: 14/14 MP: 3/3
   197 | D:1      | Reached skill level 1 in Fighting
   197 | D:1      | Reached XP level 2. HP: 14/23 MP: 4/4
  1076 | D:2      | Reached XP level 3. HP: 28/28 MP: 5/5
  1165 | D:2      | Found a stormy altar of Qazlal.
  1202 | D:2      | HP: 14/29 [kobold/+4 vampiric dagger (3)]
  1207 | D:2      | HP: 11/29 [kobold/+0 whip (2)]
  1215 | D:2      | HP: 10/29 [poisoned by an adder]
  1441 | D:2      | Found a snail-covered altar of Cheibriados.
  1540 | D:2      | HP: 14/29 [hobgoblin (2)]
  1579 | D:2      | Noticed Natasha
  1590 | D:2      | HP: 13/29 [quokka (2)]
  1598 | D:2      | HP: 9/29 [white imp[Natasha] (2)]
  1598 | D:2      | HP: 4/29 [white imp[Natasha] (5)]
  1600 | D:2      | Killed from afar by a white imp

Skill      XL: |  1  2 |
---------------+-------+-----
Fighting       | 1 |  1.9
Short Blades   | 2 |  2.8
Dodging        | |  1.5
Stealth        | |  2.4
Spellcasting   | |  1.5
Hexes          | |  3.0

Action                   || total
-------------------------++-------
Melee: Dagger            ||   142
 Stab: Sleeping          ||     4
  Eat: Chunk             ||     1
       Ration            ||     1
Armor: Robe              ||    28
Dodge: Dodged            ||   108

Levels and vault maps discovered:
D:1:      lemuel_arrival_tunnels, layout_rooms
D:2:      layout_basic, grunt_temple_overflow_open, minmay_door_square,
          uniq_natasha
